 Dungeon Crawl Stone Soup version 0.30-a0-845-g7c6808c8ce (webtiles) character file.

Game seed: 4748251991886827333

451 Korbin06 the Trooper (level 6, -2/56 HPs)
             Began as a Minotaur Fighter on Mar 2, 2023.
             Killed by nerve-wracking pain
             ... invoked by an orc priest
              (9 damage)
             ... on level 5 of the Dungeon.
             The game lasted 00:12:27 (1784 turns).

Korbin06 the Trooper (Minotaur Fighter)             Turns: 1784, Time: 00:12:28

Health: -2/56      AC: 18    Str: 23    XL:     6   Next: 75%
Magic:  5/5        EV:  9    Int:  5    God:
Gold:   130        SH:  0    Dex:  9    Spells: 5/5 levels left

rFire   . . .      SeeInvis .    d - +1 mace (protect)
rCold   . . .      Faith    .    c - +0 buckler
rNeg    . . .      Spirit   .    b - +0 scale mail
rPois   .          Reflect  +    (helmet restricted)
rElec   .          Rampage  .    (no cloak)
rCorr   .                        (no gloves)
Will    .....                    (no boots) Stlth
                                 p - amulet of reflection
HPRegen 0.29/turn                f - +4 ring of protection
MPRegen 0.09/turn                (no ring)

@: confused, under a protective aura
A: horns 2, retaliatory headbutt
a: no special abilities


You were on level 5 of the Dungeon.
You visited 1 branch of the dungeon, and saw 5 of its levels.

You collected 130 gold pieces.

Inventory:

Hand Weapons
 a - a +0 war axe
 d - a +1 mace of protection (weapon)
 g - a +0 dagger
 l - a +0 halberd
Armour
 b - a +0 scale mail (worn)
 c - a +0 buckler (worn)
 q - a +0 ring mail
Jewellery
 f - a +4 ring of protection (left hand)
 p - an amulet of reflection (around neck)
Scrolls
 e - 2 scrolls of identify {unknown}
 h - 4 scrolls of silence {unknown}
 k - a scroll of teleportation {unknown}
 m - a scroll of immolation {unknown}
Potions
 j - 2 potions of curing {unknown}
 n - a potion of might
 o - a potion of resistance {unknown}
 r - a potion of brilliance {unknown}


   Skills:
 + Level 5.4 Fighting
 + Level 4.7(5.2) Axes
 + Level 3.2(4.4) Maces & Flails
 + Level 5.2 Armour
 + Level 1.1 Dodging
 + Level 0.3 Stealth
 + Level 4.6 Shields


You had 5 spell levels left.
You didn't know any spells.
Your spell library contained the following spells:

 Spells                   Type           Power      Damage    Failure   Level
 Petrify                  Tmut/Erth      0%         N/A       100%        4
 Metabolic Englaciation   Hex/Ice        0%         N/A       100%        5
 Statue Form              Tmut/Erth      0%         N/A       100%        6


Dungeon Overview and Level Annotations

Branches:
Dungeon (5/15)
 Temple: D:4-7

Altars:
Xom

Shops:
D:2 [


Innate Abilities, Weirdness & Mutations

You have a pair of horns on your head.
You reflexively headbutt those who attack you in melee.


Message History

Beogh smites you!
The orc wizard gestures wildly while chanting.
The orc wizard flickers and vanishes!
Deactivating autopickup; reactivate with Ctrl-A.
You hear a shout!
You hit the orc priest but do no damage.
Your weapon exudes an aura of protection.
You block the orc priest's attack. The ogre hits you with a +0 giant club!
The orc priest closely misses you. You furiously retaliate!
You headbutt the orc priest! You hit the orc priest.
The orc priest is heavily wounded.
Something hits you. You block the orc priest's attack.
An orc comes into view. It is wielding a +0 hand axe.
You barely miss the orc priest.
The orc priest is heavily wounded.
The ogre hits you with a +0 giant club! You block something's attack.
An orc comes into view. It is wielding a +0 club.
The orc priest barely misses you.
An orc wizard comes into view. It is wielding a +0 dagger.
You barely miss the orc priest.
The orc priest is heavily wounded.
The ogre barely misses you. You block the orc priest's attack.
Something hits you but does no damage.
You hit the orc priest but do no damage.
The orc priest is heavily wounded.
The orc priest hits you but does no damage.
You hear some strange, mumbled words.
You are confused.
The ogre misses you.
You miss something.
The orc priest hits you with a +0 falchion.
You hear some strange, mumbled words.
You are more confused.
You barely miss something. Your headbutt misses something.
The ogre hits you with a +0 giant club!
* * * LOW HITPOINT WARNING * * *
The orc priest mumbles some strange prayers to Beogh against you.
Pain shoots through your body!
You die...

#.......###.........
#.......#......#....
#...#................
#..##.......#......##
#.....##.###....#.#
#.#..##....##...####
.......#...##..##
.......#!.....##
........O@....#
..##....o{.....#
#.............
.....<.........
....##..#....... ...#
o.##....... ...


#oo ....... ... ##..... You could see an ogre, an orc priest, an orc wizard and
2 orcs.

Vanquished Creatures
  A water moccasin (D:4)
  An ogre (D:4)
  A phantom (D:4)
  A hound (D:4)
  2 iguanas
  3 gnolls (D:2)
  3 adders
  3 worms
  A dart slug (D:3)
  4 orcs (D:4)
  2 ball pythons
  A bat (D:1)
  3 endoplasms
  A giant cockroach (D:2)
  4 goblins
  2 hobgoblins
  A quokka (D:2)
  A frilled lizard (D:1)
  5 kobolds
  A rat (D:1)
41 creatures vanquished.

Notes
Turn   | Place    | Note
-------+----------+-------------------------------------------
     0 | D:1      | Korbin06 the Minotaur Fighter began the quest for the Orb.
     0 | D:1      | Reached XP level 1. HP: 19/19 MP: 0/0
   185 | D:1      | Reached XP level 2. HP: 27/27 MP: 1/1
   222 | D:2      | HP: 1/27 [gnoll/+0 flail (3)]
   224 | D:2      | Reached XP level 3. HP: 2/33 MP: 2/2
   268 | D:2      | HP: 1/34 [frozen (2)]
   485 | D:2      | Found Ygal's Antique Armour Boutique.
   494 | D:2      | Reached XP level 4. HP: 41/41 MP: 3/3
   882 | D:4      | Noticed an ogre
   891 | D:4      | Killed an ogre
   892 | D:4      | Reached skill level 1 in Maces & Flails
   892 | D:4      | Reached XP level 5. HP: 13/47 MP: 4/4
  1173 | D:4      | Found a shimmering altar of Xom.
  1175 | D:4      | Found a shimmering altar of Xom.
  1175 | D:4      | Found a shimmering altar of Xom.
  1178 | D:4      | Found a shimmering altar of Xom.
  1178 | D:4      | Found a shimmering altar of Xom.
  1178 | D:4      | Found a shimmering altar of Xom.
  1264 | D:4      | Found a shimmering altar of Xom.
  1335 | D:4      | Noticed a phantom
  1347 | D:4      | Killed a phantom
  1348 | D:4      | Reached skill level 5 in Fighting
  1348 | D:4      | Reached skill level 5 in Armour
  1348 | D:4      | Reached XP level 6. HP: 41/56 MP: 5/5
  1367 | D:4      | Noticed a water moccasin
  1377 | D:4      | Killed a water moccasin
  1378 | D:4      | Reached skill level 1 in Dodging
  1738 | D:5      | Entered Level 5 of the Dungeon
  1784 | D:5      | Killed from afar by an orc priest

Illustrated notes

Levels and vault maps discovered:
D:1:      erik_arrival_blinker_ship, layout_rooms, minmay_tetromino_s4
D:2:      layout_basic, serial_shops, nicolae_shop_advertising_works
          [nicolae_subvault_shop_adworks], nicolae_underground_beach
D:3:      layout_basic
D:4:      layout_basic, kennysheep_little_box, xom_redecorated,
          kennysheep_another_room
D:5:      lemuel_castle_with_subvaults [lemuel_castle_interior_original],
          layout_cave_pools, uniq_grinder

Skill      XL: |  1  2  3  4  5  6 |
---------------+-------------------+-----
Fighting       | 4 5 |  5.4
Armour         | 4 5 |  5.2
Shields        | 4 |  4.6
Axes           | 3 4 |  4.7
Maces & Flails | 1 2 3 |  3.2
Dodging        | 1 |  1.1
Stealth        | |  0.3

Action                     |  1- 3 |  4- 6 || total
---------------------------+-------+-------++-------
  Melee: War axe           |    32 |     4 ||    36
         Headbutt          |     2 |     9 ||    11
         Mace              |       |    78 ||    78
    Use: Potion            |     1 |     1 ||     2
 Armour: Scale mail        |    14 |    35 ||    49
  Dodge: Dodged            |    26 |    29 ||    55
  Block: Buckler           |     9 |    40 ||    49

Table legend: (Time is in decaauts)
 A = Elapsed time spent in this place.
 B = Non-inter-level travel time spent in this place.
 C = Inter-level travel time spent in this place.
 D = Time resting spent in this place.
 E = Time spent auto-exploring this place.
 F = Levels seen in this place.
 G = Mean time per level.
                   A        B        C        D        E       F      G
               +--------+--------+--------+--------+--------+-----+--------+
         Total |   1803 |   1646 |    157 |      0 |      0 |   5 |  360.6 |
       Dungeon |   1803 |   1646 |    157 |      0 |      0 |   5 |  360.6 |
               +--------+--------+--------+--------+--------+-----+--------+

Top non-repeatable levels by time:
     D:4: 867 daAuts
     D:2: 378 daAuts
     D:3: 291 daAuts
     D:1: 216 daAuts
     D:5: 48 daAuts
